 Dungeon Crawl Stone Soup version 0.19.0-19-g8c6edcc (webtiles) character file.

74 nikopol the Skirmisher (level 4, 0/43 HPs)
             Began as a Gargoyle Berserker on Nov 14, 2016.
             Was a Believer of Trog.
             Slain by Grinder (6 damage)
             ... on level 3 of the Dungeon.
             The game lasted 00:04:32 (2693 turns).

nikopol the Skirmisher (Gargoyle Berserker)         Turns: 2693, Time: 00:04:32

Health: 0/43       AC:  9    Str: 25    XL:     4   Next: 30%
Magic:  4/4        EV: 11    Int:  8    God:    Trog [**....]
Gold:   133        SH:  0    Dex: 10    Spells: 0 memorised, 3 levels left

rFire  . . .     SeeInvis .     a - +0 hand axe
rCold  . . .     Gourm    .     n - +0 ring mail
rNeg   + . .     Faith    .     (no shield)
rPois  ∞         Spirit   .     (no helmet)
rElec  +         Reflect  .     (no cloak)
rCorr  .         Harm     .     (no gloves)
MR     .....                    (no boots)
Stlth  ..........               (no amulet)
                                (no ring)
                                (no ring)

@: berserking, very quick
A: negative energy resistance 1, electricity resistance, unbreathing,
petrification resistance, rot immunity, AC +3
a: Berserk, Trog's Hand, Burn Spellbooks, Renounce Religion


You were on level 3 of the Dungeon.
You worshipped Trog.
Trog was pleased with you.
You were hungry.

You visited 1 branch of the dungeon, and saw 3 of its levels.

You collected 133 gold pieces.

Inventory:

Hand Weapons
 a - a +0 hand axe (weapon)
Missiles
 l - 21 arrows
Armour
 b - a +0 animal skin
 n - a +0 ring mail (worn)
Jewellery
 e - an uncursed ring of protection from cold {unknown}
Scrolls
 g - 3 scrolls of teleportation {unknown}
 h - 2 scrolls of amnesia {unknown}
 i - a scroll of immolation {unknown}
 k - 3 scrolls of identify {unknown}
 m - a scroll of remove curse {unknown}
 p - a scroll of recharging {unknown}
 q - a scroll of random uselessness {unknown}
 u - a scroll of magic mapping {unknown}
Potions
 d - 2 potions of degeneration {unknown}
 j - 3 potions of heal wounds {unknown}
 o - a potion of haste {unknown}
 r - a potion of magic {unknown}
 s - 2 potions of flight {unknown}
 t - 2 potions of curing {unknown}
Comestibles
 c - 4 bread rations
 f - a meat ration


   Skills:
 + Level 4.2 Fighting
 + Level 3.1 Axes
 + Level 2.8 Armour
 + Level 2.2 Dodging


You had 3 spell levels left.
You didn't know any spells.

Dungeon Overview and Level Annotations

Branches:
Dungeon (3/15)

Altars:
Uskayaw

Annotations:
D:3 Grinder


Innate Abilities, Weirdness & Mutations

You are resistant to torment.
Your stone body is resilient. (AC +3)
You are immune to poison.
You resist negative energy. (rN+)
You are resistant to electric shocks. (rElec)
You can survive without breathing.
You are immune to petrification.
You are immune to rotting.


Message History

Grinder is heavily wounded.
Grinder barely misses you.
You completely miss Grinder.
Grinder is heavily wounded.
Grinder closely misses you.
You closely miss Grinder.
Grinder is heavily wounded.
Grinder hits you.
You closely miss Grinder.
Grinder is heavily wounded.
Grinder hits you!
* * * LOW HITPOINT WARNING * * *
You are too injured to fight recklessly!
You are too injured to fight recklessly!
You are too injured to fight recklessly!
A red film seems to cover your vision as you go berserk!
You feel yourself moving faster!
You feel mighty!
You are feeling hungry.
Grinder hits you.
You die...

#.......# #.#.#
#.......# #....
#....>...# ###.#
#.#.......#######.#
#.
##.##########.......#
##.#.# #.# #.#######
......####.#.# #.#
#.....5.#.# #.##.#
#@.# #.#.# #.## ##..#
#..#.%## ##.###
#......###.##
.......##.#.##
##########.## ###


You could see Grinder.

Vanquished Creatures
  An adder (D:2)
  2 oozes
  2 dart slugs
  2 leopard geckos
  An orc (D:3)
  6 bats
  4 giant cockroaches
  8 goblins
  2 hobgoblins (D:1)
  3 jackals (D:1)
  A quokka (D:2)
  2 frilled lizards (D:1)
  8 kobolds
  5 rats
47 creatures vanquished.

Notes
Turn   | Place    | Note
-------+----------+-------------------------------------------
     0 | D:1      | nikopol the Gargoyle Berserker began the quest for the Orb.
     0 | D:1      | Reached XP level 1. HP: 14/14 MP: 1/1
   186 | D:1      | Reached XP level 2. HP: 11/19 MP: 2/2
  1054 | D:1      | Reached XP level 3. HP: 24/24 MP: 3/3
  1705 | D:2      | Reached skill level 4 in Fighting
  1901 | D:2      | Found a hide-covered altar of Uskayaw.
  2075 | D:2      | Reached ** piety under Trog
  2351 | D:2      | Reached XP level 4. HP: 27/29 MP: 4/4
  2677 | D:3      | Noticed Grinder
  2693 | D:3      | Slain by Grinder

Skill      XL: |  1  2  3 |
---------------+----------+-----
Fighting       | 4 |  4.2
Dodging        | 2 |  2.2
Axes           | 3 |  3.1
Armour         | |  2.8

Action                   |  1- 3 |  4- 6 || total
-------------------------+-------+-------++-------
Melee: Hand axe          |   129 |    44 ||   173
Invok: Berserk           |       |     1 ||     1
 Stab: Sleeping          |     1 |       ||     1
  Eat: Chunk             |     3 |     3 ||     6
Armor: Animal skin       |    36 |       ||    36
       Ring mail         |    20 |    15 ||    35
Dodge: Dodged            |   108 |    24 ||   132
